 Dungeon Crawl Stone Soup version 0.28.0-53-g5a82cb258f (webtiles) character file.

Game seed: 13179804356464778461

148 bnorton916 the Magician (level 5, -5/28 HPs)
             Began as a Deep Elf Fire Elementalist on June 8, 2022.
             Slain by a gnoll
             ... wielding a +0 flail
              (9 damage)
             ... on level 2 of the Dungeon.
             The game lasted 00:03:06 (3607 turns).

bnorton916 the Magician (DEFE)                      Turns: 3607, Time: 00:03:07

Health: -5/28      AC:  3    Str:  5    XL:     5   Next: 8%
Magic:  12/14      EV: 12    Int: 22    God:
Gold:   60         SH:  0    Dex: 15    Spells: 12/13 levels left

rFire   . . .      SeeInvis .   (no weapon)
rCold   . . .      Faith    .   (no shield)
rNeg    . . .      Spirit   .   a - +0 robe
rPois   .          Reflect  .   i - +0 helmet
rElec   .          Harm     .   (no cloak)
rCorr   .          Rampage  .   (no gloves)
Will    .....                   (no boots)
Stlth   ++........              (no amulet)
HPRegen 0.09/turn               (no ring)
MPRegen 0.14/turn               (no ring)

@: no status effects
A: no striking features
a: no special abilities


You were on level 2 of the Dungeon.
You visited 1 branch of the dungeon, and saw 3 of its levels.

You collected 60 gold pieces.

Inventory:

Hand Weapons
 g - a +3 dagger
Missiles
 c - 55 stones
Armour
 a - a +0 robe (worn)
 i - a +0 helmet (worn)
Scrolls
 b - 8 scrolls of identify {unknown}
 e - a scroll of teleportation {unknown}
Potions
 d - a potion of heal wounds {unknown}
 f - a potion of attraction {unknown}
 h - a potion of magic {unknown}


   Skills:
 - Level 2.4 Dodging
 - Level 2.4 Stealth
 + Level 4.8 Spellcasting
 + Level 3.1 Conjurations
 + Level 4.5 Fire Magic


You had 12 spell levels left.
You knew the following spells:

 Your Spells              Type           Power      Damage    Failure   Level
a - Foxfire               Conj/Fire      88%        2x1d8     2%          1

Your spell library contained the following spells:

 Spells                   Type           Power      Damage    Failure   Level
 Scorch                   Fire           50%        2d8       2%          2
 Conjure Flame            Conj/Fire      22%        6-21      6%          3
 Inner Flame              Hex/Fire       15%        N/A       12%         3
 Flame Wave               Conj/Fire      22%        2d7       22%         4


Dungeon Overview and Level Annotations

Branches:
Dungeon (3/15)

Altars:

Shops:
D:2 =


Message History

Confirm with . or Enter, or press ? or * to list all spells.
You conjure some foxfire!
The foxfire hits the worm.
The worm is moderately wounded.
The foxfire hits the worm!
The worm is severely wounded.
Casting: Foxfire (safe; 2% risk of failure)
Confirm with . or Enter, or press ? or * to list all spells.
You conjure some foxfire!
The foxfire hits the gnoll.
The gnoll is moderately wounded.
The foxfire hits the worm.
The worm is severely wounded.
The worm barely misses you.
Casting: Foxfire (safe; 2% risk of failure)
Confirm with . or Enter, or press ? or * to list all spells.
You conjure some foxfire!
The gnoll shouts!
The gnoll closely misses you. The worm bites you!
The foxfire hits the worm.
The worm is severely wounded.
The foxfire hits the worm.
The worm is almost dead.
The gnoll hits you with a +0 flail. The worm closely misses you.
The gnoll misses you.
There is a stone staircase leading up, spattered with blood here.
You climb upwards.
There is a stone staircase leading down here.
The gnoll hits you with a +0 flail!
* * * LOW HITPOINT WARNING * * *
Casting: Foxfire (safe; 2% risk of failure)
Confirm with . or Enter, or press ? or * to list all spells.
You conjure some foxfire!
The gnoll barely misses you.
The foxfire hits the gnoll but does no damage.
The gnoll is moderately wounded.
The foxfire hits the gnoll.
The gnoll is severely wounded.
The gnoll hits you with a +0 flail!
You die...

....................##...........
.##.................##......#....
.##.................##....#......
..........##............∩...#....
.............#...##.........#....
.............#+####.........#....
.................................
................§§...............
................@....###.........
................g....###.........
.........#....#....#.#.....##....
.........#....#....#.......+.....
..........#...#.>..#.......#.....
....#..........#........##.#.....
.....#...##...#...............###
......#..##..#...........#.#..#
.......#....#...#........#.#..###


You could see a gnoll.

Vanquished Creatures
  Robin (D:3)
  A gnoll (D:3)
  6 adders
  2 worms (D:2)
  A dart slug (D:1)
  An orc (D:3)
  9 bats
  8 endoplasms
  A giant cockroach (D:2)
  10 goblins
  5 hobgoblins (D:2)
  4 quokkas
  3 ball pythons
  4 frilled lizards
  3 kobolds
  8 rats
67 creatures vanquished.

Vanquished Creatures (others)
  A hobgoblin (D:3)
  329 foxfires
330 creatures vanquished.

Grand Total: 397 creatures vanquished

Notes
Turn   | Place    | Note
-------+----------+-------------------------------------------
     0 | D:1      | bnorton916 the Deep Elf Fire Elementalist began the quest
                  | for the Orb.
     0 | D:1      | Reached XP level 1. HP: 10/10 MP: 6/6
   394 | D:1      | Reached XP level 2. HP: 15/15 MP: 5/8
  1252 | D:1      | Found a faded altar of an unknown god.
  1481 | D:2      | Reached XP level 3. HP: 19/19 MP: 6/10
  1697 | D:2      | Found Muqumugi's Jewellery Shoppe.
  1950 | D:2      | Reached XP level 4. HP: 24/24 MP: 8/12
  2824 | D:3      | Noticed Robin
  2914 | D:3      | Killed Robin
  2915 | D:3      | Reached XP level 5. HP: 19/28 MP: 9/14
  3607 | D:2      | Slain by a gnoll

Illustrated notes

Levels and vault maps discovered:
D:1:      minmay_arrival_hallway, layout_basic,
          hellmonk_ecumenical_altar_run_dry
D:2:      layout_basic, serial_shops, shop, minivault_26,
          hangedman_feature_mirror, minmay_tetromino_t2
D:3:      layout_rooms, uniq_robin

Skill      XL: |  1  2  3  4 |
---------------+-------------+-----
Conjurations   | 2 3 |  3.1
Spellcasting   | 4 |  4.8
Fire Magic     | 4 |  4.5
Dodging        | |  2.4
Stealth        | |  2.4

Action                   |  1- 3 |  4- 6 || total
-------------------------+-------+-------++-------
 Cast: Foxfire           |   128 |    68 ||   196
Armor: Robe              |     1 |     6 ||     7
Dodge: Dodged            |     3 |    21 ||    24
